 Dungeon Crawl Stone Soup version 0.26-b1-32-g5d43845318 (webtiles) character file.

Game seed: 3260420349181433725

2010 DildoBatman the Magician (level 9, -2/68 HPs)
             Began as a Formicid Conjurer on Jan 4, 2021.
             Killed from afar by Maggie (23 damage)
             ... with a bolt of fire
             ... on level 6 of the Dungeon.
             The game lasted 00:38:02 (8417 turns).

DildoBatman the Magician (Formicid Conjurer)        Turns: 8417, Time: 00:38:03

Health: -2/68      AC:  6    Str: 12    XL:     9   Next: 46%
Magic:  9/19       EV: 12    Int: 27    God:
Gold:   369        SH:  0    Dex:  9    Spells: 9/22 levels left

rFire    . . .     SeeInvis +   a - +3 short sword
rCold    . . .     Faith    .   (no shield)
rNeg     . . .     Spirit   .   K - +0 robe (curse)
rPois    .         Reflect  .   (helmet unavailable)
rElec    .         Harm     .   c - scarf {+Inv}
rCorr    .         Rampage  .   E - +0 pair of gloves
Will     .....                  J - +2 pair of boots
Stlth    ++........             w - amulet of inaccuracy
HPRegen  0.21/turn              m - +6 ring of intelligence
MPRegen  0.16/turn              l - +4 ring of slaying

@: no status effects
A: permanent stasis, dig shafts and tunnels, four strong arms, antennae 3
a: Dig, Shaft Self, Evoke Invisibility


You were on level 6 of the Dungeon.
You visited 2 branches of the dungeon, and saw 10 of its levels.

You collected 369 gold pieces.

Inventory:

Hand Weapons
 a - a +3 short sword (weapon)
 b - a +0 hunting sling
Missiles
 f - 15 poisoned darts (quivered)
 i - 193 stones
 k - 4 atropa-tipped darts
 q - 67 sling bullets
 u - 101 arrows
 y - 25 bolts
 G - 3 javelins
Armour
 c - a scarf of invisibility (worn)
 E - a +0 pair of gloves (worn)
 J - a +2 pair of boots (worn)
 K - a cursed +0 robe (worn)
Jewellery
 l - a +4 ring of slaying (right hand)
 m - a +6 ring of intelligence (left hand)
 r - an uncursed amulet of regeneration
 w - an amulet of inaccuracy (around neck)
Wands
 s - a wand of random effects (23)
 B - a wand of paralysis (6)
 L - a wand of polymorph (10)
Scrolls
 e - a scroll of fear {unknown}
 n - a scroll of immolation
 v - 3 scrolls of amnesia
 x - 3 scrolls of remove curse
 z - 5 scrolls of identify
 A - a scroll of enchant armour
 M - a scroll of blinking {unknown}
Potions
 d - 5 potions of mutation {unknown}
 g - a potion of invisibility {unknown}
 j - a potion of attraction {unknown}
 o - a potion of berserk rage {unknown}
 p - a potion of degeneration {unknown}
 t - 5 potions of heal wounds {unknown}
 D - a potion of brilliance {unknown}
 F - a potion of curing {unknown}
 H - a potion of cancellation {unknown}


   Skills:
 - Level 5.0 Fighting
 - Level 5.0 Armour
 - Level 3.0 Dodging
 - Level 2.4 Stealth
 - Level 3.0 Shields
 - Level 7.0 Spellcasting
 - Level 6.0 Conjurations
 * Level 2.4 Necromancy


You had 9 spell levels left.
You knew the following spells:

 Your Spells              Type           Power        Failure   Level
a - Fulminant Prism       Conj/Hex       12%          17%         4
b - Searing Ray           Conj           82%          1%          2
c - Magic Dart            Conj           100%         1%          1
d - Vampiric Draining     Necr           11%          6%          3
e - Dazzling Flash        Conj/Hex       50%          4%          3

Your spell library contained the following spells:

 Spells                   Type           Power        Failure   Level
 Animate Skeleton         Necr           44%          2%          1
 Pain                     Necr           88%          2%          1
 Corona                   Hex            10%          6%          1
 Slow                     Hex            9%           9%          2
 Confusing Touch          Hex            9%           17%         3
 Gell's Gravitas          Tloc           4%           17%         3
 Inner Flame              Hex/Fire       9%           17%         3
 Portal Projectile        Hex/Tloc       18%          17%         3
 Iskenderun's Mystic Bla  Conj/Tloc      25%          17%         4
 Animate Dead             Necr           11%          22%         4
 Cause Fear               Hex            4%           50%         4
 Leda's Liquefaction      Hex/Erth       4%           50%         4
 Petrify                  Tmut/Erth      9%           50%         4
 Agony                    Necr           22%          52%         5
 Metabolic Englaciation   Hex/Ice        4%           85%         5
 Yara's Violent Unravell  Hex/Tmut       4%           85%         5


Dungeon Overview and Level Annotations

Branches:
Dungeon (9/15)             Temple (1/1) D:7
   Lair: D:8-11         Orc: D:9-12

Altars:
Ashenzari
Cheibriados
Dithmenos
Elyvilon
Fedhas
Gozag
Makhleb
Okawaru
Qazlal
Ru
Sif Muna
Uskayaw
Vehumet
Wu Jian
Xom
Yredelemnul
Zin
The Shining One

Shops:
D:9 *

Annotations:
D:3 exclusions: crimson imp and 3 more exclusions
D:4 exclusion: statue
D:5 exclusion: white imp
D:6 exclusion: phantom, Maggie
D:7 exclusions: sensed monster (detected) and 1 more exclusion, Grum, Maurice
D:9 exclusions: ogre, 3 sensed monsters (detected) and 1 more exclusion, Harold


Innate Abilities, Weirdness & Mutations

You cannot be hasted, slowed, berserked, paralysed or teleported.
You can dig through walls and to a lower floor.
Your four strong arms can wield two-handed weapons with a shield.
You have a pair of large antennae on your head. (SInv)


Message History

Maurice throws a stone.
The stone barely misses you.
Maurice throws a stone.
The stone barely misses you.
Maggie hits you with a +2 war axe of distortion!
You climb upwards.
Level annotation: exclusion: phantom
There is a stone staircase leading down here.
Casting: Dazzling Flash (dangerous; 4% risk of failure)
Confirm with . or Enter, or press ? or * to list all spells.
Maggie is dazzled.
Unknown command.
Maggie is no longer blind.
Maggie says, "Leave now, and tell all of Margery's mercy!"
Casting: Dazzling Flash (dangerous; 4% risk of failure)
Confirm with . or Enter, or press ? or * to list all spells.
Maggie is dazzled.
Maggie points at you and mumbles some strange words.
The bolt of fire hits you!!
You die...

...#..###.....#........#.......##
#......##.......##.............#.
#..##.###......###....###.....###
##..#####.>.....###.....#......##
#..# #........).##.............
##..####............#.##.###.....
#...........##........#....#...##
###.#.#.....##.@............[....
###........#.#@.##<..#.........
##..................####........
#...........#.......##.......##.
#..........##.....##.....#..>...
#...#.......#.##...#....##......
#..............##...........#...
###.....#.#.....................
#....##......##....##.#...#...
####.###.#...##.#>..#.#...##..


You could see Maggie (resistant, blind).

Vanquished Creatures
  A yak (D:9)
  A water moccasin (D:6)
  A sky beast (D:7)
  A black bear (D:6)
  2 ice beasts
  A wolf (D:7)
  3 centaurs
  3 bullfrogs
  2 scorpions (D:6)
  3 wights (D:5)
  An orc wizard (D:9)
  An orc priest (D:6)
  2 hounds (D:7)
  2 jellies
  A bullfrog skeleton (D:5)
  6 worker ants
  10 gnolls
  10 adders
  A shadow imp (D:6)
  2 white imps
  An ufetubus (D:5)
  An ooze (D:3)
  4 worms
  2 dart slugs
  A leopard gecko (D:3)
  3 orcs
  4 giant cockroaches
  5 goblins
  9 hobgoblins
  6 jackals
  11 kobolds
  A quokka (D:9)
  9 bats
  5 frilled lizards
  A jackal skeleton (D:6)
  10 rats
127 creatures vanquished.

Notes
Turn   | Place    | Note
-------+----------+-------------------------------------------
     0 | D:1      | DildoBatman the Formicid Conjurer began the quest for the
                  | Orb.
     0 | D:1      | Reached XP level 1. HP: 13/13 MP: 3/3
   252 | D:1      | Reached XP level 2. HP: 20/20 MP: 0/5
   452 | D:1      | Reached skill level 1 in Armour
   487 | D:1      | Reached skill level 1 in Fighting
   827 | D:1      | Reached XP level 3. HP: 23/26 MP: 1/6
  1265 | D:2      | Found a stormy altar of Qazlal.
  1548 | D:2      | Reached XP level 4. HP: 33/33 MP: 2/7
  2076 | D:2      | Reached XP level 5. HP: 24/38 MP: 5/9
  2089 | D:2      | Reached skill level 3 in Spellcasting
  2226 | D:2      | Learned a level 2 spell: Searing Ray
  2729 | D:3      | Learned a level 3 spell: Dazzling Flash
  2734 | D:3      | Learned a level 4 spell: Fulminant Prism
  2742 | D:3      | Reached skill level 5 in Conjurations
  2891 | D:3      | Found a shimmering altar of Xom.
  2995 | D:3      | Reached XP level 6. HP: 44/44 MP: 7/10
  3412 | D:4      | Found a radiant altar of Vehumet.
  3475 | D:5      | Entered Level 5 of the Dungeon
  4346 | D:5      | Reached XP level 7. HP: 50/50 MP: 6/12
  4617 | D:5      | Reached skill level 4 in Spellcasting
  4669 | D:6      | Noticed a water moccasin
  4774 | D:5      | Reached skill level 5 in Spellcasting
  4880 | D:6      | Reached skill level 6 in Spellcasting
  4880 | D:6      | Reached XP level 8. HP: 24/56 MP: 9/17
  5828 | D:6      | Found a white marble altar of Elyvilon.
  5971 | D:7      | Noticed Maggie
  6002 | D:7      | Found a burning altar of Makhleb.
  6195 | D:7      | Reached XP level 9. HP: 67/67 MP: 12/18
  6278 | D:7      | You fall into a shaft and drop 2 floors!
  6288 | D:9      | Reached skill level 5 in Fighting
  6288 | D:9      | Reached skill level 5 in Armour
  6446 | D:9      | Found Gozag's Platinum Reserve.
  6451 | D:9      | Found an opulent altar of Gozag.
  6634 | D:9      | Found a blossoming altar of Fedhas.
  6768 | D:9      | Reached skill level 7 in Spellcasting
  6771 | D:9      | Noticed Harold
  6812 | D:8      | Noticed Grum
  7326 | D:7      | Found a staircase to the Ecumenical Temple.
  7331 | Temple   | Entered the Ecumenical Temple
  7828 | D:7      | Learned a level 3 spell: Vampiric Draining
  8116 | D:8      | Reached skill level 1 in Necromancy
  8158 | D:8      | Noticed Maurice
  8417 | D:6      | Killed from afar by Maggie

Illustrated notes

Levels and vault maps discovered:
D:1:      beargit_arrival_greenhouse, layout_basic
D:2:      layout_basic, lemuel_doored_altar
D:3:      wad_pebble_path, layout_loops_ring, dk_noncrumbling_3, led_xom_imps
D:4:      layout_gridville, vehumet_statue
D:5:      layout_basic
D:6:      layout_cave_pools, lemuel_coloured_pillars_altar
D:7:      layout_loops_ring, old_standard_altar, temple_doors_ab, uniq_maggie
D:8:      layout_cave_pools, kiku_gazebo_garden_becter, uniq_maurice, uniq_grum
D:9:      minmay_flawed_box, layout_loops_ring, nicolae_gozag_zags_fifth_avenue,
          tgw_trog, grunt_temple_overflow_open, uniq_harold
Temple:   hc_temple_tempest_star

Skill      XL: |  1  2  3  4  5  6  7  8  9 |
---------------+----------------------------+-----
Armour         | 1 2 4 5 |  5.0
Fighting       | 1 2 4 5 |  5.0
Conjurations   | 4 5 6 |  6.0
Spellcasting   | 3 6 7 |  7.0
Dodging        | 3 |  3.0
Shields        | 3 |  3.0
Necromancy     | 2 |  2.4
Stealth        | |  2.4

Action                   |  1- 3 |  4- 6 |  7- 9 || total
-------------------------+-------+-------+-------++-------
Melee: Dagger            |    17 |    22 |       ||    39
       Short sword       |       |       |     9 ||     9
 Cast: Magic Dart        |    76 |   111 |    32 ||   219
       Searing Ray       |       |    10 |    39 ||    49
       Dazzling Flash    |       |     2 |     4 ||     6
 Abil: Dig               |     1 |     7 |    15 ||    23
  Use: Scroll            |       |     6 |     4 ||    10
 Stab: Sleeping          |     1 |     1 |       ||     2
       Invisible         |       |     1 |       ||     1
Armor: Robe              |    10 |     3 |    18 ||    31
Dodge: Dodged            |    26 |    35 |    74 ||   135
